 Dungeon Crawl Stone Soup version 0.26.1-2-gb8aa6d0cf2 (webtiles) character file.

Game seed: 699170434632844045

2616 raph the Geomancer (level 9, -8/45 HPs)
             Began as a Deep Elf Earth Elementalist on Mar 17, 2021.
             Was a Priest of Dithmenos.
             Mangled by an orc warrior
             ... wielding a +0 battleaxe
              (20 damage)
             ... on level 7 of the Dungeon.
             The game lasted 00:17:30 (10813 turns).

raph the Geomancer (Deep Elf Earth Elementalist)   Turns: 10813, Time: 00:17:31

Health: -8/45      AC:  4    Str:  5    XL:     9   Next: 34%
Magic:  0/17       EV: 14    Int: 23    God:    Dithmenos [***...]
Gold:   460        SH:  0    Dex: 16    Spells: 2/17 levels left

rFire    . . .     SeeInvis .   a - +0 rapier
rCold    . . .     Faith    .   (no shield)
rNeg     . . .     Spirit   .   c - +0 robe
rPois    .         Reflect  .   j - +0 helmet
rElec    .         Harm     .   u - +0 cloak
rCorr    .         Rampage  .   (no gloves)
Will     .....                  (no boots)
Stlth    ++++......             (no amulet)
HPRegen  0.15/turn              (no ring)
MPRegen  0.15/turn              (no ring)

@: wreathed by umbra
A: no striking features
a: Renounce Religion, Shadow Step


You were on level 7 of the Dungeon.
You worshipped Dithmenos.
Dithmenos was most pleased with you.
You visited 1 branch of the dungeon, and saw 7 of its levels.
You also visited: Ossuary.

You collected 460 gold pieces.

Inventory:

Hand Weapons
 a - a +0 rapier (weapon)
 b - a +0 shortbow
 d - a +0 dagger
 p - a +0 long sword
Missiles
 v - 177 stones
 w - 158 arrows
Armour
 c - a +0 robe (worn)
 j - a +0 helmet (worn)
 u - a +0 cloak (worn)
Jewellery
 y - a +4 ring of evasion
 C - a +6 ring of intelligence
 E - an uncursed ring of positive energy
Wands
 r - a wand of digging (4)
 D - a wand of flame (17)
 I - a wand of paralysis (3)
 J - a wand of disintegration (18)
 K - a wand of random effects (19)
Scrolls
 e - 3 scrolls of fog
 f - 2 scrolls of magic mapping
 i - 7 scrolls of teleportation
 k - a scroll of blinking
 l - a scroll of remove curse
 n - 4 scrolls of fear
 o - 4 scrolls of enchant weapon
 L - a scroll of identify
 M - a scroll of amnesia {unknown}
Potions
 g - 3 potions of degeneration
 h - 2 potions of mutation
 m - 5 potions of curing
 q - 3 potions of lignification
 s - a potion of ambrosia
 t - 3 potions of brilliance
 x - a potion of haste
 z - 2 potions of heal wounds
 A - 3 potions of flight
 B - 3 potions of attraction
 F - a potion of invisibility
 G - a potion of might
 H - a potion of magic


   Skills:
 + Level 0.3 Fighting
 * Level 0.8 Short Blades
 + Level 3.9 Dodging
 * Level 4.3 Stealth
 + Level 4.5 Spellcasting
 - Level 1.1 Transmutations
 + Level 12.8 Earth Magic


You had 2 spell levels left.
You knew the following spells:

 Your Spells              Type           Power        Failure   Level
a - Sandblast             Erth           100%         1%          1
b - Passwall              Tmut/Erth      30%          1%          2
c - Stone Arrow           Conj/Erth      68%          2%          3
d - Lee's Rapid Deconstr  Erth           29%          1%          5
e - Blink                 Tloc           N/A          16%         2
f - Swiftness             Air            5%           16%         2

Your spell library contained the following spells:

 Spells                   Type           Power        Failure   Level
 Magic Dart               Conj           20%          10%         1
 Shock                    Conj/Air       20%          10%         1
 Call Imp                 Summ           5%           16%         2
 Slow                     Hex            5%           16%         2
 Petrify                  Tmut/Erth      37%          5%          4
 Confusing Touch          Hex            5%           30%         3
 Conjure Flame            Conj/Fire      5%           30%         3
 Gell's Gravitas          Tloc           2%           30%         3
 Mephitic Cloud           Conj/Pois/Air  5%           30%         3
 Static Discharge         Conj/Air       5%           30%         3
 Airstrike                Air            2%           69%         4
 Yara's Violent Unravell  Hex/Tmut       3%           91%         5
 Lightning Bolt           Conj/Air       2%           95%         5
 Metabolic Englaciation   Hex/Ice        2%           95%         5


Dungeon Overview and Level Annotations

Branches:
Dungeon (7/15)             Temple (0/1) D:5         Ossuary (visited)

Altars:
Dithmenos


Message History

The blast of sand hits the orc warrior!
The orc warrior is severely wounded.
The orc warrior hits you with a +0 battleaxe!
Casting: Sandblast (safe; 1% risk of failure)
Confirm with . or Enter, or press ? or * to list all spells.
You don't have enough magic to cast that spell.
Unknown command.
Casting: Sandblast (safe; 1% risk of failure)
Confirm with . or Enter, or press ? or * to list all spells.
You don't have enough magic to cast that spell.
Unknown command.
You closely miss the orc warrior.
The orc warrior is severely wounded.
The orc warrior hits you with a +0 battleaxe!!
* * * LOW HITPOINT WARNING * * *
You emit a cloud of dark smoke.
You hit the orc warrior but do no damage.
The orc warrior is severely wounded.
The orc warrior hits you with a +0 battleaxe!!
You die...

#..#.#.# .≈≈≈ ##.#.#.# .≈≈≈
#.#.#.#. ..≈≈
#...#.##'##########..≈≈
######...#.##.#...........P≈
#........#.##..............≈
#.#####..#.##.#<..........≈≈
#.#####.>#.#####.####....≈≈≈
#.........§@o§§§.# #.....≈≈
....#######§####### #.....≈≈
. +.....§.# #.....≈≈
######### #......P #######
#o.....P .......#####......≈
........S.>......≈≈
........o........≈≈
.................≈.


You could see an orc warrior.

Vanquished Creatures
  Sigmund (D:5)
  An ice beast (D:6)
  A phantom (D:7)
  A necrophage (D:5)
  3 sky beasts
  An ogre (D:5)
  4 centaurs
  A big kobold (D:5)
  2 bullfrogs (D:6)
  A water moccasin skeleton (D:4)
  2 scorpions
  An electric eel (D:7)
  A howler monkey (D:2)
  3 human zombies (Ossuary)
  2 centaur zombies
  4 hounds
  3 jellies
  An orc priest (D:6)
  A centaur skeleton (D:6)
  3 orc wizards
  2 iguanas
  5 worker ants
  3 big kobold zombies (Ossuary)
  A hound zombie (Ossuary)
  A hound skeleton (D:6)
  4 mummies
  7 gnolls
  7 adders
  2 shadow imps
  2 white imps
  2 ufetubi
  3 adder zombies (Ossuary)
  An ooze (D:4)
  3 worms
  A dart slug (D:4)
  3 leopard geckos
  18 orcs
  2 ball pythons
  A bat (D:3)
  3 giant cockroaches
  A gnoll zombie (Ossuary)
  4 goblins
  8 hobgoblins
  9 jackals
  6 kobolds
  3 quokkas
  6 frilled lizards
  4 goblin zombies (Ossuary)
  5 hobgoblin zombies (Ossuary)
  2 jackal zombies (Ossuary)
  5 kobold zombies (Ossuary)
  2 orc zombies (Ossuary)
  2 quokka skeletons
  A quokka zombie (D:5)
  4 rats
  4 rat zombies (Ossuary)
174 creatures vanquished.

Vanquished Creatures (others)
  2 plants (D:7)
2 creatures vanquished.

Grand Total: 176 creatures vanquished

Notes
Turn   | Place    | Note
-------+----------+-------------------------------------------
     0 | D:1      | raph the Deep Elf Earth Elementalist began the quest for
                  | the Orb.
     0 | D:1      | Reached XP level 1. HP: 10/10 MP: 6/6
  1054 | D:1      | Reached XP level 2. HP: 15/15 MP: 6/8
  1268 | D:2      | Reached XP level 3. HP: 19/19 MP: 2/9
  1327 | D:2      | Learned a level 2 spell: Passwall
  1331 | D:2      | Learned a level 3 spell: Stone Arrow
  1374 | D:2      | Reached skill level 4 in Earth Magic
  1921 | D:2      | Reached XP level 4. HP: 12/24 MP: 7/11
  2304 | D:2      | Found a shadowy altar of Dithmenos.
  2395 | D:3      | Noticed a centaur
  2409 | D:3      | Killed a centaur
  2410 | D:3      | Reached skill level 5 in Earth Magic
  2410 | D:3      | Reached XP level 5. HP: 13/28 MP: 9/13
  2619 | D:2      | Became a worshipper of Dithmenos the Shadowed
  2667 | D:3      | Learned a level 5 spell: Lee's Rapid Deconstruction
  3421 | D:4      | Reached XP level 6. HP: 16/32 MP: 12/14
  3658 | D:4      | Reached skill level 6 in Earth Magic
  3909 | D:4      | Found a sand-covered staircase.
  3942 | Ossuary  | Entered an ossuary
  4027 | Ossuary  | Reached skill level 7 in Earth Magic
  4100 | Ossuary  | Reached * piety under Dithmenos
  4148 | Ossuary  | Reached XP level 7. HP: 12/36 MP: 10/15
  4825 | Ossuary  | Reached skill level 8 in Earth Magic
  5077 | Ossuary  | Reached ** piety under Dithmenos
  5803 | D:3      | Reached skill level 9 in Earth Magic
  6041 | D:4      | Learned a level 2 spell: Blink
  6388 | D:5      | Entered Level 5 of the Dungeon
  6388 | D:5      | Found a staircase to the Ecumenical Temple.
  6759 | D:5      | Reached XP level 8. HP: 41/41 MP: 9/16
  6771 | D:5      | Noticed Sigmund
  6777 | D:5      | Killed Sigmund
  6778 | D:5      | Reached skill level 10 in Earth Magic
  7395 | D:5      | Reached skill level 11 in Earth Magic
  8290 | D:6      | Reached *** piety under Dithmenos
  9103 | D:6      | Reached skill level 12 in Earth Magic
  9117 | D:6      | Reached XP level 9. HP: 30/45 MP: 8/17
 10212 | D:6      | Got a brightly glowing spear
 10213 | D:6      | Identified the cursed +2 spear "Uqouh" {vorpal, +Fly rF+
                  | rN+ Dex-5} (You found it on level 6 of the Dungeon)
 10501 | D:7      | Learned a level 2 spell: Swiftness
 10813 | D:7      | Mangled by an orc warrior

Illustrated notes

Levels and vault maps discovered:
D:1:      dpeg_arrival_pits, layout_basic, grunt_decor_mini_mirrors
D:2:      layout_basic, grunt_dithmenos_smoke, minmay_lizard_pond
D:3:      layout_basic
D:4:      layout_rooms, gup_ossuary_entry_pyramid, kennysheep_small_spiral,
          kennysheep_minor_cross, minmay_misc_feat_diagonals,
          kennysheep_generic_room_11
D:5:      layout_loops_ring, minmay_temple_entry_purple_smoke, serial_rivers,
          chequers_serial_rivers_marsh, chequers_serial_rivers_micro_a,
          chequers_serial_rivers_room_b, chequers_serial_rivers_marsh,
          chequers_serial_rivers_micro_d, minmay_fractal_squares_diagonal_5,
          uniq_sigmund
D:6:      layout_basic
D:7:      layout_basic, chequers_big_river, uniq_prince_ribbit1

Skill      XL: |  1  2  3  4  5  6  7  8 |
---------------+-------------------------+-----
Stealth        | 3 4 |  4.3
Dodging        | 3 |  3.9
Earth Magic    | 4 5 7 9 12 | 12.8
Spellcasting   | 4 |  4.5
Fighting       | |  0.3
Short Blades   | |  0.8
Transmutations | |  1.1

Action                   |  1- 3 |  4- 6 |  7- 9 || total
-------------------------+-------+-------+-------++-------
Melee: Dagger            |     3 |       |       ||     3
       Rapier            |       |    66 |   129 ||   195
 Fire: Shortbow          |       |    16 |    85 ||   101
 Cast: Sandblast         |    31 |    62 |    50 ||   143
       Stone Arrow       |       |     1 |    44 ||    45
       Lee's Rapid Decon |       |       |    25 ||    25
  Use: Scroll            |       |    15 |     8 ||    23
 Stab: Sleeping          |       |     3 |     4 ||     7
       Distracted        |       |       |     1 ||     1
Armor: Robe              |     2 |    24 |    45 ||    71
Dodge: Dodged            |     4 |    86 |   213 ||   303
       Rpst.: Long sword |     1 |     2 |       ||     3
